 Dungeon Crawl Stone Soup version 0.16.2-12-gd0ad4c3 (webtiles) character file.

107 Koekebakker the Ducker (level 4, -1/30 HPs)
             Began as an Octopode Warper on Oct 9, 2015.
             Slain by a worker ant (3 damage)
             ... on level 4 of the Dungeon.
             The game lasted 00:31:07 (2431 turns).

Koekebakker the Ducker (Octopode Warper)            Turns: 2431, Time: 00:31:07

Health: -1/30      AC:  1    Str: 11      XL:     4   Next: 86%
Magic:  6/8        EV: 13    Int: 14 (15) God:
Gold:   115        SH:  0    Dex: 11      Spells: 2 memorised, 5 levels left

rFire  . . .     SeeInvis .     a - +0 hand axe
rCold  . . .     Clarity  .     (no shield)
rNeg   . . .     SustAb   .     (helmet restricted)
rPois  .         Gourm    .     (no amulet)
rElec  .         Spirit   .     (no ring)
rCorr  .         Warding  .     (no ring)
rMut   .         Stasis   .     (no ring)
MR     .....                    (no ring)
Stlth  +++.......               (no ring)
                                (no ring)
                                (no ring)
                                (no ring)

@: shrouded, not resistant to hostile enchantments, fairly stealthy
A: almost no armour, amphibious, 8 rings, constrict 8, camouflage 1, gelatinous
body 1
a: no special abilities


You were on level 4 of the Dungeon.
You were not hungry.

You visited 1 branch of the dungeon, and saw 4 of its levels.

You collected 115 gold pieces.

Inventory:

Hand weapons
 a - a +0 hand axe (weapon)
 g - a +0 club
 i - a +0 whip
 k - a +0 club
 o - a +0 dagger
 p - a +0 dagger
 s - a +0 short sword
 u - a +0 blowgun
Missiles
 e - 5 tomahawks of dispersal (quivered)
 h - 24 stones
 v - 15 poisoned needles
Armour
 y - a +0 pair of gloves
Scrolls
 b - 4 scrolls of identify {unknown}
 d - a scroll of blinking
 j - 3 scrolls of immolation {unknown}
 l - a scroll of enchant weapon {unknown}
 r - 2 scrolls of random uselessness {unknown}
 t - 2 scrolls of teleportation {unknown}
 w - a scroll of remove curse {unknown}
Potions
 x - a potion of poison {unknown}
Books
 c - a book of Spatial Translocations

   Spells                             Type                      Level
   a - Apportation                    Translocation                1
   b - Blink                          Translocation                2
   c - Shroud of Golubria             Charms/Translocation         2
   d - Portal Projectile              Translocation                3
   e - Teleport Other                 Translocation                3
   f - Passage of Golubria            Translocation                4
Comestibles
 f - 5 bread rations
 m - a meat ration


   Skills:
 + Level 2.4 Fighting
 + Level 2.2 Axes
 + Level 1.0 Throwing
 + Level 3.5 Dodging
 + Level 1.5 Stealth
 + Level 2.5 Spellcasting
 + Level 0.2 Charms
 + Level 3.5 Translocations


You had 5 spell levels left.
You knew the following spells:

 Your Spells              Type           Power        Failure   Level  Hunger
a - Apportation           Tloc           ##........   6%          1    #......
b - Shroud of Golubria    Chrm/Tloc      #.........   17%         2    ###....


Dungeon Overview and Level Annotations

Branches:
Dungeon (4/15)
 Temple: D:4-7

Altars:

Annotations:
D:1 exclusion: hobgoblin
D:4 Eustachio


Innate Abilities, Weirdness & Mutations

You cannot wear most types of armour.
You are amphibious.
You can wear up to eight rings at the same time.
You can use your tentacles to constrict many enemies at once.
Your skin changes colour to match your surroundings (Stealth).
Your rubbery body absorbs attacks (AC +1).


Message History

Your shroud bends the worker ant's attack away.
You hit the worker ant but do no damage.
Your grab misses the worker ant.
The ufetubus disappears in a puff of smoke!
The worker ant barely misses you.
You hit the worker ant. You grab the worker ant. You squeeze the worker ant.
The worker ant is moderately wounded.
You constrict the worker ant. The worker ant bites you!
* * * LOW HITPOINT WARNING * * *
You hit the worker ant.
The worker ant is severely wounded.
You constrict the worker ant.
Your shroud bends the worker ant's attack away.
The worker ant closely misses you.
You hit the worker ant.
The worker ant is almost dead.
You constrict the worker ant, but do no damage.
The ufetubus disappears in a puff of smoke!
The worker ant bites you.
You die...

...........................
.....#..........b..........
......#..>.?.# #....####....
........r....# #..#....#....
.........r#### #............
.........r# #..########.#
........r.# #..# ...#
......#+#r######..#.########
#.... #§a@................
#... ########..#.########
... .............
#.##....###### #. ...... ..
## ##..# ### ..


You could see a worker ant, a quokka and a rat.

Vanquished Creatures
  A worker ant (D:4)
  3 adders (D:2)
  A worm (D:4)
  5 orcs (D:3)
  A ball python (D:1)
  2 giant cockroaches
  4 goblins
  7 hobgoblins
  2 jackals (D:2)
  4 bats
  3 giant newts
  6 kobolds
  5 rats
  A fungus (D:2)
45 creatures vanquished.

Notes
Turn   | Place    | Note
--------------------------------------------------------------
     0 | D:1      | Koekebakker, the Octopode Warper, began the quest for the Orb.
     0 | D:1      | Reached XP level 1. HP: 14/14 MP: 3/3
   680 | D:1      | Reached XP level 2. HP: 19/19 MP: 4/4
   962 | D:2      | Reached XP level 3. HP: 6/24 MP: 6/6
  1095 | D:2      | Learned a level 2 spell: Shroud of Golubria
  1843 | D:3      | Reached skill level 1 in Stealth
  1886 | D:3      | Reached XP level 4. HP: 9/30 MP: 7/7
  2365 | D:4      | Noticed Eustachio
  2431 | D:4      | Slain by a worker ant

Action                   |  1- 3 |  4- 6 || total
-------------------------+-------+-------++-------
Melee: Hand axe          |    90 |    36 ||   126
 Cast: Shroud of Golubri |     6 |     8 ||    14
  Use: Potion            |     7 |     1 ||     8
 Stab: Sleeping          |     1 |     1 ||     2
  Eat: Bread ration      |     1 |     1 ||     2
